 Dungeon Crawl Stone Soup version 0.30.0-10-gfe55d96785 (webtiles) character file.

Game seed: 4183568939480416770

2355 cheesebisquit the Trooper (level 9, 0/78 HPs)
             Began as a Green Draconian Fire Elementalist on May 13, 2023.
             Was an Initiate of Vehumet.
             Killed from afar by a steam dragon (15 damage)
             ... with a ball of steam
             ... on level 7 of the Dungeon.
             The game lasted 00:18:36 (6671 turns).

cheesebisquit the Trooper (DrFE)                    Turns: 6671, Time: 00:18:36

Health: 0/78       AC:  8    Str: 14    XL:     9   Next: 20%
Magic:  8/17       EV: 13    Int: 21    God:    Vehumet [......]
Gold:   357        SH:  0    Dex: 11    Spells: 18/19 levels left

rFire   . . .        q - +3 quarterstaff of Eramav {spect, Drain rN+++ rCorr Str+4}
rCold   + . .        (shield currently unavailable)
rNeg    + + +        (body armour unavailable)
rPois   +            (helmet restricted)
rElec   .            (no cloak)
rCorr   +            b - +0 pair of gloves
SInv    .            (no boots)
Will    .....        (no amulet)
Stlth   +++          u - ring of protection from cold
HPRegen 0.33/turn    (no ring)
MPRegen 0.15/turn

%: no passive effects
@: no status effects
A: breathe noxious fumes, AC +7, unfitting armour, poison resistance,
cold-blooded
a: Breathe Noxious Fumes, Renounce Religion


You were on level 7 of the Dungeon.
You worshipped Vehumet.
Vehumet was noncommittal.
You visited 2 branches of the dungeon, and saw 8 of its levels.

You collected 357 gold pieces.

Inventory:

Hand Weapons
 i - a +0 rapier
 q - the +3 quarterstaff of Eramav (weapon) {spect, Drain rN+++ rCorr Str+4}
   (You found it on level 2 of the Dungeon)

   Str:       It affects your strength (+4).
   rN:        It renders you almost immune to negative energy.
   rCorr:     It protects you from acid and corrosion.
   Drain:     It drains your maximum health when unequipped.
 B - a +0 morningstar
Missiles
 a - 20 poisoned darts
 n - 7 boomerangs
Armour
 b - a +0 pair of gloves (worn)
 m - a +0 buckler
Jewellery
 u - a ring of protection from cold (left hand)
 y - a ring of resist corrosion
Scrolls
 c - 5 scrolls of blinking {unknown}
 d - a scroll of amnesia {unknown}
 e - a scroll of teleportation {unknown}
 f - 2 scrolls of identify {unknown}
 l - 2 scrolls of magic mapping {unknown}
 p - 2 scrolls of poison {unknown}
 r - 3 scrolls of vulnerability {unknown}
 s - 3 scrolls of enchant armour {unknown}
 z - a scroll of fog {unknown}
Potions
 g - 3 potions of curing
 h - 2 potions of might {unknown}
 j - a potion of heal wounds {unknown}
 k - a potion of berserk rage {unknown}
 o - a potion of brilliance {unknown}
 t - a potion of ambrosia {unknown}
 v - a potion of mutation {unknown}
 w - a potion of lignification {unknown}
 x - 2 potions of attraction {unknown}
 A - a potion of degeneration {unknown}


   Skills:
 + Level 6.6 Fighting
 + Level 5.9 Dodging
 + Level 6.4 Stealth
 + Level 5.9 Spellcasting
 - Level 1.0 Conjurations
 - Level 3.0 Fire Magic


You had 18 spell levels left.
You knew the following spells:

 Your Spells              Type           Power      Damage    Failure   Level
a - Foxfire               Conj/Fire      56%        2x1d6     4%          1

Your spell library contained the following spells:

 Spells                   Type           Power      Damage    Failure   Level
 Scorch                   Fire           36%        2d6       4%          2
 Inner Flame              Hex/Fire       12%        N/A       16%         3
 Volatile Blastmotes      Fire/Tloc      24%        2d12      16%         3
 Vhi's Electric Charge    Tloc/Air       12%        N/A       30%         3
 Flame Wave               Conj/Fire      14%        2d6       41%         4
 Leda's Liquefaction      Hex/Erth       3%         N/A       69%         4
 Arcjolt                  Conj/Air       4%         1d14      92%         5
 Lee's Rapid Deconstruct  Erth           3%         3d5*      95%         5
 Statue Form              Tmut/Erth      4%         N/A       100%        6
 Maxwell's Capacitive Co  Air            3%         ∞         100%        8


Dungeon Overview and Level Annotations

Branches:
Dungeon (7/15)             Temple (1/1) D:6

Altars:
Cheibriados
Dithmenos
Elyvilon
Fedhas
Gozag
Hepliaklqana
Makhleb
Nemelex Xobeh
Okawaru
Qazlal
Ru
Sif Muna
Trog
Uskayaw
Vehumet
Wu Jian
Xom
Yredelemnul
The Shining One

Annotations:
D:4 1 transporter, Orangeyouglad's ghost, amateur HuHW


Innate Abilities, Weirdness & Mutations

You can breathe blasts of noxious fumes.
Your lurid green scales are hard. (AC +7)
You cannot fit into any form of body armour.
Your system is resistant to poisons. (rPois)
You are cold-blooded and may be slowed by cold attacks.


Message History

The steam dragon is severely wounded.
The foxfire hits the steam dragon but does no damage.
The steam dragon is severely wounded.
The steam dragon bites you but does no damage.
The steam dragon claws you. The steam dragon breathes steam at you.
The ball of steam hits you!
You are too injured to fight recklessly!
Casting: Foxfire (safe; 4% risk of failure)
Press: ? - help, Q - select action, (/) - cycle Dir - look around, f - activate You conjure some foxfire!
Your +3 quarterstaff of Eramav {spect, Drain rN+++ rCorr Str+4} disappears.
You are engulfed in a cloud of scalding steam.
The steam dragon bites you but does no damage.
The steam dragon claws you but does no damage.
You hit the steam dragon.
The steam dragon is almost dead.
Your +3 quarterstaff of Eramav {spect, Drain rN+++ rCorr Str+4} barely misses the steam dragon.
You are engulfed in a cloud of scalding steam.
The foxfire hits the steam dragon but does no damage.
The steam dragon is almost dead.
The foxfire hits the steam dragon but does no damage.
The steam dragon is almost dead.
The steam dragon breathes steam at you. The ball of steam hits you!
* * * LOW HITPOINT WARNING * * *
The steam dragon closely misses you. The steam dragon barely misses you.
The steam dragon breathes steam at you. The ball of steam hits you!
* * * LOW HITPOINT WARNING * * *
You feel better.
The steam dragon attacks as you move away!
The steam dragon closely misses you.
The steam dragon claws you but does no damage.
The steam dragon breathes steam at you.
The ball of steam hits the steam dragon!
The steam dragon resists.
The steam dragon dies!
The ball of steam hits you!
You die...

#.# ###..≈~.$ #.#
#....≈~. # #.#
....≈~#|# #.# #...≈~.[
# #.## ...§~ ..$ #..##
#### ##D.#§§~..
###.### #..###.§.§#
##.<## #...##§#(..#≈
##..####....#@##......
#.#..##..............
#..##..#......###..#..
#...###.†.......#
#..## #...#
#.#.......# #..# #...#
#.#......[.# #.# ###.#
..##.......#
####.###......## #.
##...###


You could see a steam dragon (catching breath).

Vanquished Creatures
  A steam dragon (D:7)
  2 water moccasins
  A sky beast (D:7)
  2 ice beasts
  A black bear (D:6)
  An ogre (D:6)
  2 centaurs (D:5)
  Blork the orc (D:6)
  A bullfrog (D:6)
  4 scorpions
  5 wights (D:6)
  2 howler monkeys
  6 hounds
  An orc priest (D:6)
  A jelly (D:6)
  A gnoll bouda (D:6)
  A sleepcap (D:6)
  3 iguanas
  3 orc wizards
  4 gnolls (D:6)
  8 adders
  A shadow imp (D:5)
  An ufetubus (D:5)
  A worm (D:3)
  3 dart slugs
  14 orcs
  5 bats
  7 endoplasms
  4 giant cockroaches
  3 goblins
  5 hobgoblins
  2 jackals (D:3)
  9 kobolds
  6 quokkas
  3 ball pythons
  5 frilled lizards
  3 rats
123 creatures vanquished.

Vanquished Creatures (others)
  A steam dragon (D:7)
  A sky beast (D:7)
  519 foxfires
521 creatures vanquished.

Grand Total: 644 creatures vanquished

Notes
Turn   | Place    | Note
-------+----------+-------------------------------------------
     0 | D:1      | cheesebisquit the Draconian Fire Elementalist began the
                  | quest for the Orb.
     0 | D:1      | Reached XP level 1. HP: 14/14 MP: 3/3
   172 | D:1      | Reached XP level 2. HP: 19/22 MP: 0/5
   492 | D:1      | Reached skill level 1 in Fighting
  1066 | D:1      | Reached XP level 3. HP: 28/28 MP: 3/6
  1481 | D:2      | Found a faded altar of an unknown god.
  1535 | D:2      | Identified the +3 quarterstaff of Eramav {spect, Drain
                  | rN+++ rCorr Str+4}
  1604 | D:2      | Found a hide-covered altar of Uskayaw.
  1793 | D:2      | Reached XP level 4. HP: 36/36 MP: 3/7
  2181 | D:3      | Noticed a scorpion
  2190 | D:3      | Killed a scorpion
  2191 | D:3      | Reached XP level 5. HP: 19/42 MP: 6/9
  2977 | D:4      | Noticed a water moccasin
  2988 | D:4      | Killed a water moccasin
  2989 | D:4      | Reached XP level 6. HP: 47/51 MP: 0/11
  3189 | D:4      | Found a transporter.
  3205 | D:4      | Identified the +5 great mace "Budergh" {pain, Contam rPois
                  | rCorr Int+3}
  3205 | D:4      | Noticed Orangeyouglad's ghost (amateur HuHW)
  3281 | D:4      | Found a radiant altar of Vehumet.
  3818 | D:5      | Entered Level 5 of the Dungeon
  3961 | D:5      | Found a bloodstained altar of Trog.
  4016 | D:5      | Noticed a water moccasin
  4023 | D:5      | Killed a water moccasin
  4024 | D:5      | Your scales start taking on a lurid green colour.
  4024 | D:5      | Reached XP level 7. HP: 51/58 MP: 6/12
  4024 | D:5      | Gained mutation: Your system is resistant to poisons.
                  | (rPois) [Green Draconian growth]
  4727 | D:5      | Reached XP level 8. HP: 56/67 MP: 8/14
  4789 | D:5      | Reached skill level 5 in Stealth
  4935 | D:6      | Reached skill level 5 in Fighting
  5005 | D:6      | Found a hazy altar of Hepliaklqana.
  5006 | D:6      | Found a shimmering altar of Xom.
  5007 | D:6      | Noticed a spectral ugly thing
  5169 | D:6      | Found a sparkling altar of Nemelex Xobeh.
  5294 | D:6      | Reached skill level 5 in Dodging
  5294 | D:6      | Reached skill level 5 in Spellcasting
  5375 | D:6      | Noticed Blork the orc
  5396 | D:6      | Killed Blork the orc
  5816 | D:6      | Reached XP level 9. HP: 72/75 MP: 14/17
  6046 | D:6      | Found a staircase to the Ecumenical Temple.
  6056 | D:6      | Found a stormy altar of Qazlal.
  6065 | Temple   | Entered the Ecumenical Temple
  6218 | D:4      | Became a worshipper of Vehumet
  6671 | D:7      | Killed from afar by a steam dragon

Illustrated notes

Levels and vault maps discovered:
D:1:      dpeg_arrival_snail, layout_loops_ring, hangedman_decor_growths,
          reono_crystal_passage
D:2:      layout_basic, basic_altar, ebering_ecumenical_altar_webs
D:3:      layout_basic, hangedman_decor_points, kennysheep_generic_room_10
D:4:      layout_basic, nicolae_vehumet_radiance, gammafunk_ghost_smash
D:5:      layout_basic, mainiacjoe_overflow_paths
D:6:      layout_loops_corners, regret_index_temple_of_mockery,
          nemelex_diamond_rough_becter, nicolae_qazlal_eye_of_the_storm,
          temple_statues, uniq_blork_the_orc
D:7:      layout_cave_pods, nicolae_overflow_crystal_walls, st_stairs_2,
          grunt_decor_mini_mirrors, hangedman_misty_isle
Temple:   nicolae_temple_god_jail

Skill      XL: |  1  2  3  4  5  6  7  8 |
---------------+-------------------------+-----
Dodging        | 2 3 4 5 |  5.9
Stealth        | 2 3 4 6 |  6.4
Fighting       | 1 2 3 4 6 |  6.6
Spellcasting   | 3 4 5 |  5.9
Conjurations   | |  1.0
Fire Magic     | |  3.0

Action                     |  1- 3 |  4- 6 |  7- 9 || total
---------------------------+-------+-------+-------++-------
  Melee: Unarmed           |     4 |       |       ||     4
         Rapier            |     7 |       |       ||     7
         Tailslap          |     2 |     4 |    11 ||    17
         Quarterstaff      |       |    21 |    66 ||    87
   Cast: Foxfire           |    62 |    95 |   147 ||   304
    Use: Potion            |     1 |     1 |     1 ||     3
   Stab: Sleeping          |       |       |     1 ||     1
 Armour: Skin              |     5 |     6 |    28 ||    39
  Dodge: Dodged            |    13 |    27 |    76 ||   116
